 Dungeon Crawl Stone Soup version 0.18.1-8-gdd0e5ea (webtiles) character file.

1642 Gagarin the Covert (level 9, -1/52 HPs)
             Began as a Kobold Assassin on June 7, 2016.
             Was an Initiate of Dithmenos.
             Slain by a hell rat (18 damage)
             ... on level 4 of the Dungeon.
             The game lasted 00:29:23 (6735 turns).

Gagarin the Covert (Kobold Assassin)                Turns: 6735, Time: 00:29:23

Health: -1/52      AC:  6    Str:  9    XL:     9   Next: 19%
Magic:  9/9        EV: 22    Int:  9    God:    Dithmenos [......]
Gold:   254        SH:  0    Dex: 21    Spells: 0 memorised, 8 levels left

rFire  . . .     SeeInvis .     a - +2 dagger
rCold  + . .     Gourm    .     c - +0 robe
rNeg   . . .     Faith    .     (shield restricted)
rPois  .         Spirit   .     G - +0 helmet
rElec  .         Dismiss  .     d - +0 cloak
rCorr  .         Reflect  .     h - +0 pair of gloves
SustAt .         Harm     .     q - +0 pair of boots
MR     +....                    (no amulet)
Stlth  +++++.....               s - ring of protection from cold
                                r - ring of protection from magic

@: drained, somewhat resistant to hostile enchantments, quite stealthy
A: carnivore 3
a: Renounce Religion


You were on level 4 of the Dungeon.
You worshipped Dithmenos.
Dithmenos was noncommittal.
You were very full.

You visited 1 branch of the dungeon, and saw 6 of its levels.
You also visited: Sewer.

You collected 375 gold pieces.
You spent 121 gold pieces at shops.

Inventory:

Hand Weapons
 a - a +2 dagger (weapon)
 b - a +0 blowgun
 I - a +0 shortbow
Missiles
 i - 64 bolts
 B - 60 arrows
 F - 2 poisoned needles
Armour
 c - a +0 robe (worn)
 d - a +0 cloak (worn)
 h - a +0 pair of gloves (worn)
 q - a +0 pair of boots (worn)
 G - a +0 helmet (worn)
Jewellery
 r - a ring of protection from magic (left hand)
 s - a ring of protection from cold (right hand)
Wands
 M - a wand of lightning (2/15)
 O - a wand of polymorph (11/24)
Scrolls
 f - a scroll of fog {unknown}
 j - 4 scrolls of immolation {unknown}
 m - a scroll of noise {unknown}
 t - 5 scrolls of identify
 u - 3 scrolls of fear
 x - 2 scrolls of random uselessness {unknown}
 y - 2 scrolls of enchant weapon {unknown}
 C - 2 scrolls of amnesia {unknown}
 D - 3 scrolls of teleportation
 E - a scroll of magic mapping {unknown}
 J - a scroll of holy word {unknown}
 K - a scroll of brand weapon {unknown}
 L - 2 scrolls of blinking {unknown}
Potions
 k - 4 potions of degeneration {unknown}
 l - a potion of ambrosia {unknown}
 n - a potion of lignification {unknown}
 o - 2 potions of might {unknown}
 p - a potion of mutation {unknown}
 v - 4 potions of curing
 z - a potion of cancellation {unknown}
 A - 2 potions of berserk rage {unknown}
 N - a potion of heal wounds {unknown}
Comestibles
 g - 3 meat rations
 w - a slice of pizza
 H - a beef jerky


   Skills:
 + Level 4.4(4.2) Fighting
 + Level 5.8(5.5) Short Blades
 + Level 4.9(4.6) Throwing
 + Level 7.8(7.5) Dodging
 + Level 9.7(9.4) Stealth


You had 8 spell levels left.
You didn't know any spells.

Dungeon Overview and Level Annotations

Branches:
Dungeon (6/15)             Temple (0/1) D:4

Altars:
Dithmenos
Kikubaaqudgha
Makhleb
Qazlal

Shops:
D:4 ?!}[:

Annotations:
D:4 Gagarin's ghost, amateur KoAs
D:5 Edmund; M4edhros's ghost, novice OpAr


Innate Abilities, Weirdness & Mutations

You are small and have problems with some larger weapons.
You are carnivorous and can eat meat at any time.


Message History

Aim: a hell rat (poisoned)
You shoot a poisoned needle.
The poisoned needle closely misses the hell rat.
The hell rat closely misses you.
Firing (i - inventory):
F - 3 poisoned needles (quivered)
Press: ? - help, Shift-Dir - straight line, f/p - hell rat
Aim: a hell rat (lightly wounded, poisoned)
You shoot a poisoned needle. The poisoned needle hits the hell rat!
The hell rat looks even sicker.
The hell rat is lightly wounded.
The hell rat misses you.
Wield which item (- for none, * to show all)? (? for menu, Esc to quit)
a - a +2 dagger (weapon)
You hit the hell rat but do no damage.
The hell rat is moderately wounded.
The hell rat closely misses you.
You hit the hell rat but do no damage.
The hell rat is heavily wounded.
The hell rat bites you!!
You die...

...## #.....#
....#####.....##
..........###..#
....####.########
...## #...##...##
...# ##.........#
..## ##........W##
...###..#(.)..##r#
W(..#..##..o####@#
...(........##...##
.((((.........##..#
...#()......###.###
.#####......##.##
## #.....##.## ##
#....>...# .#
##..##....##
.####..###.###.#


You could see a hell rat and Gagarin's ghost.

Vanquished Creatures
  Prince Ribbit (D:5)
  An ice beast (D:5)
  A black bear (D:6)
  An orc warrior (D:6)
  4 ogres
  A phantom (D:4)
  2 centaurs
  A crocodile (Sewer)
  A water moccasin zombie (D:4)
  A wight (D:6)
  A crimson imp (D:5)
  2 centaur zombies (D:6)
  A centaur skeleton (D:4)
  A giant frog skeleton (D:5)
  A worker ant (D:4)
  4 gnolls (D:6)
  7 adders
  A shadow imp (D:4)
  2 oozes
  4 adder skeletons
  An adder zombie (D:6)
  3 worms
  2 dart slugs
  9 giant geckos
  5 orcs
  10 bats
  4 giant cockroaches
  4 hobgoblins
  7 jackals
  3 quokkas
  2 giant newts
  5 goblins
  6 kobolds
  5 rats
104 creatures vanquished.

Notes
Turn   | Place    | Note
--------------------------------------------------------------
     0 | D:1      | Gagarin the Kobold Assassin began the quest for the Orb.
     0 | D:1      | Reached XP level 1. HP: 12/12 MP: 1/1
     0 | D:1      | Noticed a naga
     0 | D:1      | Noticed a minotaur
     3 | D:1      | Noticed an octopode
     3 | D:1      | Noticed a naga
     5 | D:1      | Noticed an octopode
     6 | D:1      | Noticed an elf
    11 | D:1      | Noticed a troll
    13 | D:1      | Noticed a troll
    15 | D:1      | Noticed a draconian
    15 | D:1      | Noticed an ogre
    15 | D:1      | Noticed a naga
    17 | D:1      | Noticed a spriggan
    17 | D:1      | Noticed a human
    17 | D:1      | Noticed a minotaur
   349 | D:1      | Reached XP level 2. HP: 17/17 MP: 2/2
   708 | D:2      | Reached skill level 6 in Stealth
   744 | D:2      | Reached XP level 3. HP: 19/21 MP: 3/3
  1035 | D:2      | Found a stormy altar of Qazlal.
  1049 | D:2      | Reached XP level 4. HP: 26/26 MP: 4/4
  1636 | D:3      | Noticed an ogre
  1643 | D:3      | Killed an ogre
  1643 | D:3      | Reached skill level 7 in Stealth
  1643 | D:3      | Reached XP level 5. HP: 31/31 MP: 5/5
  1680 | D:3      | Found an ancient bone altar of Kikubaaqudgha.
  1798 | D:3      | Found a burning altar of Makhleb.
  2313 | D:4      | Reached XP level 6. HP: 31/36 MP: 6/6
  2323 | D:4      | Found Puas's Book Boutique.
  2670 | D:4      | Noticed Gagarin's ghost (amateur KoAs)
  2847 | D:4      | Found Ruczeat's Gadget Emporium.
  2867 | D:4      | Found Japtoyv's Magic Scroll Shoppe.
  2872 | D:4      | Bought a scroll of identify for 20 gold pieces
  2872 | D:4      | Bought a scroll of teleportation for 30 gold pieces
  2872 | D:4      | Bought a scroll of fear for 35 gold pieces
  2887 | D:4      | Found Caquiclo's Distillery.
  2891 | D:4      | Bought a potion of curing for 36 gold pieces
  2915 | D:4      | Noticed an ogre
  2959 | D:4      | Killed an ogre
  2975 | D:4      | Found a staircase to the Ecumenical Temple.
  2982 | D:4      | Found Vipecing's Antique Armour Emporium.
  3062 | D:4      | Noticed an ogre
  3067 | D:4      | Killed an ogre
  3067 | D:4      | Reached skill level 8 in Stealth
  3067 | D:4      | Reached XP level 7. HP: 40/40 MP: 7/7
  3536 | D:4      | Found a shadowy altar of Dithmenos.
  3558 | D:4      | Became a worshipper of Dithmenos the Shadowed
  3627 | D:5      | Entered Level 5 of the Dungeon
  3700 | D:5      | Noticed Prince Ribbit
  3707 | D:5      | Noticed M4edhros's ghost (novice OpAr)
  3959 | D:5      | Killed Prince Ribbit
  3959 | D:5      | Reached skill level 5 in Dodging
  3959 | D:5      | Reached skill level 9 in Stealth
  3959 | D:5      | Reached XP level 8. HP: 27/46 MP: 8/8
  4082 | D:5      | Reached skill level 5 in Short Blades
  4576 | D:6      | Found a glowing drain.
  4623 | Sewer    | Entered a sewer
  5764 | D:6      | Reached XP level 9. HP: 15/52 MP: 9/9
  6406 | D:5      | Noticed Edmund
  6735 | D:4      | Slain by a hell rat

Skill      XL: |  1  2  3  4  5  6  7  8 |
---------------+-------------------------+-----
Stealth        | 6 7 8 9 |  9.7
Short Blades   | 3 4 5 |  5.8
Dodging        | 2 3 4 5 7 |  7.8
Throwing       | 3 4 |  4.9
Fighting       | 3 4 |  4.4

Action                   |  1- 3 |  4- 6 |  7- 9 || total
-------------------------+-------+-------+-------++-------
Melee: Dagger            |    77 |    96 |   581 ||   754
 Fire: Blowgun           |     9 |    17 |    72 ||    98
Evoke: Wand              |       |       |     3 ||     3
  Use: Scroll            |       |       |     1 ||     1
 Stab: Sleeping          |    10 |     9 |    13 ||    32
  Eat: Chunk             |     9 |     5 |    11 ||    25
Armor: Robe              |    11 |    23 |    73 ||   107
Dodge: Dodged            |    44 |    52 |   403 ||   499
